 Dungeon Crawl Stone Soup version 0.28-a0-1613-gdaab1c2f9b (webtiles) character file.

Game seed: 9356997819478610472

36640 esteth the Geomancer (level 13, -10/76 HPs)
             Began as a Gargoyle Earth Elementalist on Jan 20, 2022.
             Was a High Priest of Vehumet.
             Mangled by a nine-headed hydra (12 damage)
             ... on level 6 of the Lair of Beasts on Jan 21, 2022.
             The game lasted 00:54:15 (20132 turns).

esteth the Geomancer (Gargoyle Earth Elementalist) Turns: 20132, Time: 00:54:16

Health: -10/76     AC: 25    Str: 13    XL:     13   Next: 91%
Magic:  14/27      EV: 15    Int: 22    God:    Vehumet [*****.]
Gold:   595        SH:  0    Dex: 17    Spells: 10/32 levels left

rFire   . . .      SeeInvis .   O - +10 battleaxe of Tender Mercy {spect, Will+ Dex+3}
rCold   . . .      Faith    .   (shield currently unavailable)
rNeg    + . .      Spirit   .   A - +0 acid dragon scales
rPois   ∞          Reflect  .   (no helmet)
rElec   +          Harm     .   l - +2 cloak
rCorr   +          Rampage  .   F - +1 pair of gloves {Stlth+}
Will    +....                   L - +1 pair of boots
Stlth   ++++......              J - amulet of magic regeneration
HPRegen 0.22/turn               f - ring of Riafonis {EV+4 Int+2 Dex+4 Stlth+}
MPRegen 0.60/turn               w - ring of flight

@: flying
A: sickness immunity, AC +9, negative energy resistance 1, electricity
resistance, torment resistance 1, petrification resistance
a: Renounce Religion


You were on level 6 of the Lair of Beasts.
You worshipped Vehumet.
Vehumet was extremely pleased with you.
You visited 3 branches of the dungeon, and saw 19 of its levels.

You collected 1167 gold pieces.
You spent 572 gold pieces at shops.

Inventory:

Hand Weapons
 d - a +0 club
 n - the +8 falchion of the Gnat {vorpal, rC+ Str+3}
   (You found it on level 4 of the Dungeon)

   It inflicts extra damage upon your enemies.
   Str:       It affects your strength (+3).
   rC:        It protects you from cold.
 M - the +7 war axe of Intimidation {vorpal, Will++}
   (You found it on level 4 of the Lair of Beasts)

   It inflicts extra damage upon your enemies.
   Will:      It greatly increases your willpower.
 O - the +10 battleaxe of Tender Mercy (weapon) {spect, Will+ Dex+3}
   (You found it on level 4 of the Lair of Beasts)

   When its wielder attacks, the weapon's spirit leaps out and strikes again.
   The spirit shares a part of any damage it takes with its wielder.
   Dex:       It affects your dexterity (+3).
   Will:      It increases your willpower.
 R - the +10 quarterstaff "Newtbane" {venom, rElec rN+ MP+9}
   (You found it on level 5 of the Lair of Beasts)

   It poisons the flesh of those it strikes.
   rElec:     It insulates you from electricity.
   rN:        It protects you from negative energy.
   MP:        It affects your magic capacity (+9).
Missiles
 c - 169 stones
 i - a throwing net
Armour
 b - a +0 robe
 l - a +2 cloak (worn)
 x - a +0 cloak
 A - +0 acid dragon scales (worn)
 F - a +1 pair of gloves of stealth (worn)
 L - a +1 pair of boots (worn)
Jewellery
 f - the ring of Riafonis (left hand) {EV+4 Int+2 Dex+4 Stlth+}
   (You found it on level 9 of the Dungeon)

   [ring of evasion]

   EV:        It affects your evasion (+4).
   Int:       It affects your intelligence (+2).
   Dex:       It affects your dexterity (+4).
   Stlth:     It makes you more stealthy.
 g - an amulet of faith
 w - a ring of flight (right hand)
 G - a +4 ring of protection
 I - a ring of ice
 J - an amulet of magic regeneration (around neck)
 N - a ring of magical power
 T - a +4 ring of protection
Wands
 m - a wand of acid (16)
 s - a wand of iceblast (14)
 y - a wand of paralysis (18)
Scrolls
 e - 3 scrolls of vulnerability {unknown}
 h - a scroll of acquirement
 j - 2 scrolls of immolation
 k - 2 scrolls of fear
 p - 3 scrolls of enchant weapon
 r - 3 scrolls of amnesia
 u - a scroll of fog
 z - 4 scrolls of identify
 H - a scroll of magic mapping
 K - a scroll of teleportation
 P - a scroll of enchant armour {unknown}
Potions
 a - 3 potions of might {unknown}
 o - a potion of ambrosia {unknown}
 q - 3 potions of heal wounds {unknown}
 t - 2 potions of attraction {unknown}
 v - 2 potions of lignification
 C - 3 potions of haste {unknown}
 D - 2 potions of cancellation {unknown}
 E - 2 potions of curing
 S - a potion of brilliance {unknown}
Miscellaneous
 B - a condenser vane
 Q - a box of beasts


   Skills:
 - Level 6.6 Fighting
 - Level 5.0 Long Blades
 - Level 6.6 Armour
 - Level 1.6 Dodging
 - Level 2.3 Stealth
 + Level 10.2 Spellcasting
 - Level 7.3 Conjurations
 - Level 6.0 Necromancy
 - Level 4.0 Transmutations
 - Level 9.1 Fire Magic
 - Level 5.5 Air Magic
 - Level 12.0 Earth Magic


You had 10 spell levels left.
You knew the following spells:

 Your Spells              Type           Power      Damage    Failure   Level
a - Sandblast             Erth           100%       2d20      1%          1
b - Passwall              Tmut/Erth      38%        N/A       1%          2
c - Stone Arrow           Conj/Erth      100%       3d13      1%          3
d - Lightning Bolt        Conj/Air       19%        1d34      4%          5
e - Magic Dart            Conj           100%       1d8       1%          1
f - Fireball              Conj/Fire      23%        3d11      2%          5
g - Borgnjor's Vile Clut  Necr/Erth      25%        N/A       5%          5

Your spell library contained the following spells:

 Spells                   Type           Power      Damage    Failure   Level
 Sticky Flame             Conj/Fire      47%        2d6       1%          4
 Beastly Appendage        Tmut           56%        N/A       1%          1
 Pain                     Necr           100%       1d9       1%          1
 Corpse Rot               Necr/Air       72%        N/A       1%          2
 Static Discharge         Conj/Air       39%        N/A       1%          2
 Wereblood                Tmut           28%        N/A       2%          2
 Petrify                  Tmut/Erth      46%        N/A       3%          4
 Animate Armour           Summ/Erth      74%        N/A       7%          4
 Animate Dead             Necr           18%        N/A       7%          4
 Dispel Undead            Necr           37%        3d15      7%          4
 Spider Form              Tmut/Pois      20%        N/A       11%         3
 Starburst                Conj/Fire      23%        6d8       12%         6
 Agony                    Necr           37%        N/A       21%         5
 Excruciating Wounds      Necr           18%        N/A       21%         5
 Death Channel            Necr           18%        N/A       73%         6
 Lehudib's Crystal Spear  Conj/Erth      26%        10d7      91%         8
 Ignition                 Fire           25%        3d9       95%         8
 Maxwell's Capacitive Co  Air            17%        ∞         100%        8


Dungeon Overview and Level Annotations

Branches:
Dungeon (11/15)            Temple (0/1) D:7            Lair (6/6) D:9
 Shoals (0/4) Lair:4        Snake (0/4) Lair:2        Slime (0/5) Lair:5
    Orc (2/2) D:10
    Elf: Orc:2

Altars:
Ashenzari
Elyvilon
Gozag
Hepliaklqana
Okawaru
Ru
Trog
Vehumet
Xom
Zin
Jiyva

Shops:
D:1 (   D:7 (   D:9 =   Orc:1 !*([   Orc:2 *

Annotations:
D:2 exclusion: downstairs, Natasha
D:4 exclusion: downstairs
D:6 4 runed translucent doors, Crazy Yiuf; qborf's ghost, novice NaEn
D:10 exclusion: two-headed ogre, Harold
Orc:2 Saint Roka


Innate Abilities, Weirdness & Mutations

You are immune to sickness and miasma.
Your stone body is resilient. (AC +9)
You are immune to poison.
You resist negative energy. (rN+)
You are resistant to electric shocks. (rElec)
You are resistant to unholy torment.
You are immune to petrification.


Message History

The nine-headed hydra struggles to escape constriction.
Casting: Borgnjor's Vile Clutch (dangerous; 5% risk of failure)
Confirm with . or Enter, or press ? or * to list all spells.
Aiming: Stone Arrow (safe; 1% risk of failure)
Press: ? - help, Shift-Dir - straight line, f/p - nine-headed hydra
Aim: a nine-headed hydra (heavily wounded, constricted by zombie hands, 100% to hit)
The stone arrow hits the yak!
The yak is moderately wounded.
The zombie hands constrict the nine-headed hydra.
An elephant comes into view.
The yak barely misses you.
The nine-headed hydra struggles to escape constriction.
Okay, then.
The zombie hands constrict the nine-headed hydra!!
The yak closely misses you.
The nine-headed hydra escapes!
The nine-headed hydra barely misses you.
The nine-headed hydra bites you but does no damage. x4
The nine-headed hydra completely misses you.
The nine-headed hydra bites you.
* * * LOW HITPOINT WARNING * * *
The nine-headed hydra bites you but does no damage. x2
Casting: Stone Arrow (safe; 1% risk of failure)
Confirm with . or Enter, or press ? or * to list all spells.
Aiming: Borgnjor's Vile Clutch (dangerous; 5% risk of failure)
Press: ? - help, Shift-Dir - straight line, f/p - nine-headed hydra
Aim: a nine-headed hydra (severely wounded, 100% to hit)
Zombie hands grab the nine-headed hydra.
The zombie hands constrict the nine-headed hydra!
You hear a trumpeting! x2
The yak barely misses you.
The nine-headed hydra closely misses you.
The nine-headed hydra bites you but does no damage.
The nine-headed hydra barely misses you.
The nine-headed hydra bites you but does no damage. x2
The nine-headed hydra bites you!
* * * LOW HITPOINT WARNING * * *
The nine-headed hydra bites you!
* * * LOW HITPOINT WARNING * * *
The nine-headed hydra bites you!
You die...

........PP....##
.............##
..............#
.............##
...............#
....##...P.....#
...P#..P..##...#
...P.....###..##
.##YP.#....#..@#
...#......##PDY#
....##....##...#
#....##........##
#...#.........#
#.......#....#
#.....##.....#
#...........P#
....#.........#


You could see a nine-headed hydra (clutched) and a yak.

Vanquished Creatures
  Erolcha (D:9)
  3 hydras
  2 death yaks (Lair:6)
  A tengu warrior (D:8)
  2 two-headed ogres (D:10)
  Urug (Lair:4)
  Pikel (D:9)
  A lindwurm (Lair:5)
  A manticore (D:8)
  2 cyclopes
  3 elephants (Lair:2)
  An ice statue (Lair:4)
  A gargoyle (D:10)
  2 black mambas
  9 cane toads
  3 rime drakes
  Psyche (D:8)
  Maggie (D:9)
  10 komodo dragons
  An ice devil (Lair:4)
  A troll (D:8)
  Grinder (D:6)
  2 polar bears (Lair:4)
  19 blink frogs
  11 dream sheep
  A wraith (D:10)
  Sigmund (D:3)
  3 wyverns
  22 yaks
  3 fire bats (Lair:2)
  3 steam dragons
  Eustachio (D:6)
  2 basilisks
  3 vampire mosquitoes
  2 acid dragons
  15 water moccasins
  8 orc warriors
  10 ice beasts (Lair:4)
  4 black bears (Lair:3)
  2 ogres (Orc:1)
  5 wolves (Lair:1)
  4 centaurs
  2 necrophages
  A lemure (D:9)
  A phantom (D:7)
  11 bullfrogs
  2 kobold brigands
  3 gnoll sergeants
  4 scorpions
  6 killer bees (D:8)
  2 howler monkeys
  3 centaur zombies
  4 hounds
  A gnoll shaman (D:4)
  2 bullfrog skeletons
  5 orc priests
  4 iguanas
  7 orc wizards
  A scorpion zombie (D:5)
  Natasha (D:2)
  3 killer bee zombies
  A hound skeleton (D:4)
  2 howler monkey zombies
  Robin (D:3)
  15 gnolls
  10 adders
  6 white imps
  An ufetubus (D:4)
  A worm (D:2)
  3 dart slugs
  32 orcs
  3 endoplasms
  4 giant cockroaches
  17 goblins
  11 hobgoblins
  3 jackals (D:1)
  2 quokkas
  2 ball pythons
  9 bats
  4 frilled lizards
  16 kobolds
  5 rats
381 creatures vanquished.

Vanquished Creatures (others)
  32 fungi
  51 plants
83 creatures vanquished.

Grand Total: 464 creatures vanquished

Notes
Turn   | Place    | Note
-------+----------+-------------------------------------------
     0 | D:1      | esteth the Gargoyle Earth Elementalist began the quest for
                  | the Orb.
     0 | D:1      | Reached XP level 1. HP: 10/10 MP: 3/3
   258 | D:1      | Reached XP level 2. HP: 15/15 MP: 3/5
   303 | D:1      | Found Nipaceuq's Weapon Shoppe.
   317 | D:1      | Reached skill level 4 in Earth Magic
   763 | D:1      | Reached XP level 3. HP: 11/19 MP: 6/6
  1003 | D:1      | Found a faded altar of an unknown god.
  1240 | D:2      | Noticed Natasha
  1249 | D:1      | Reached XP level 4. HP: 10/24 MP: 1/8
  1427 | D:2      | Killed Natasha
  1428 | D:2      | Reached skill level 5 in Earth Magic
  1442 | D:2      | Noticed Natasha
  2247 | D:3      | Noticed Sigmund
  2252 | D:3      | Learned a level 2 spell: Passwall
  2384 | D:3      | Reached XP level 5. HP: 28/28 MP: 7/9
  2434 | D:3      | Reached skill level 6 in Earth Magic
  2980 | D:3      | Noticed Robin
  3095 | D:3      | Killed Robin
  3210 | D:3      | Killed Sigmund
  3211 | D:3      | Reached skill level 7 in Earth Magic
  3211 | D:3      | Reached XP level 6. HP: 22/32 MP: 5/10
  3468 | D:4      | Reached skill level 8 in Earth Magic
  3731 | D:4      | Reached XP level 7. HP: 36/36 MP: 7/11
  3897 | D:4      | Found a bloodstained altar of Trog.
  3899 | D:4      | Found a shimmering altar of Xom.
  3900 | D:4      | Found a white marble altar of Elyvilon.
  3901 | D:4      | Found a broken altar of Ashenzari.
  3902 | D:4      | Found a radiant altar of Vehumet.
  3913 | D:4      | Became a worshipper of Vehumet
  3943 | D:4      | Reached skill level 9 in Earth Magic
  4267 | D:4      | Identified the +8 falchion of the Gnat {vorpal, rC+ Str+3}
  4424 | D:5      | Entered Level 5 of the Dungeon
  4430 | D:5      | Noticed a wyvern
  4430 | D:5      | Noticed a vampire mosquito
  4430 | D:5      | Noticed a vampire mosquito
  4430 | D:5      | Noticed a vampire mosquito
  4439 | D:4      | Killed a vampire mosquito
  4440 | D:4      | Reached skill level 10 in Earth Magic
  4440 | D:4      | Reached skill level 1 in Fighting
  4440 | D:4      | Reached skill level 1 in Long Blades
  4647 | D:5      | Reached XP level 8. HP: 36/44 MP: 8/12
  5004 | D:5      | Upgraded the game from 0.28-a0-1594-ga885d4b3d6 to
                  | 0.28-a0-1613-gdaab1c2f9b
  5051 | D:5      | Killed a wyvern
  5401 | D:5      | Found an iron altar of Okawaru.
  6101 | D:6      | Reached skill level 5 in Long Blades
  6237 | D:6      | Reached XP level 9. HP: 52/52 MP: 14/14
  6376 | D:6      | Noticed qborf's ghost (novice NaEn)
  6385 | D:6      | Noticed Eustachio
  6385 | D:6      | Noticed Grinder
  6396 | D:6      | Killed Grinder
  6400 | D:6      | Reached skill level 5 in Spellcasting
  6414 | D:6      | Killed Eustachio
  6668 | D:6      | Found a runed translucent gate.
  6668 | D:6      | Found a runed translucent gate.
  6668 | D:6      | Found a runed translucent gate.
  6788 | D:6      | Reached skill level 11 in Earth Magic
  6926 | D:6      | Found a runed translucent door.
  6927 | D:6      | Noticed Crazy Yiuf
  7312 | D:7      | Identified a scroll of acquirement
  7332 | D:7      | Found Unetaru's Weapon Emporium.
  7413 | D:7      | Reached * piety under Vehumet
  7413 | D:7      | Offered knowledge of Shock by Vehumet.
  7528 | D:7      | Found a staircase to the Ecumenical Temple.
  7898 | D:7      | Reached skill level 12 in Earth Magic
  8006 | D:7      | Reached skill level 1 in Transmutations
  8034 | D:7      | Found a hazy altar of Hepliaklqana.
  8034 | D:7      | Found an opulent altar of Gozag.
  8228 | D:8      | Learned a level 3 spell: Stone Arrow
  8262 | D:8      | Reached XP level 10. HP: 41/56 MP: 5/17
  8411 | D:8      | Reached skill level 1 in Armour
  8876 | D:8      | Noticed a cyclops
  8892 | D:8      | Noticed a manticore
  8994 | D:8      | Killed a manticore
  9163 | D:8      | Noticed Psyche
  9179 | D:8      | Killed Psyche
  9337 | D:8      | Killed a cyclops
  9338 | D:8      | Reached skill level 5 in Fighting
  9338 | D:8      | Reached skill level 5 in Armour
  9483 | D:8      | Noticed a tengu warrior
  9519 | D:8      | Killed a tengu warrior
  9717 | D:8      | Learned a level 5 spell: Lightning Bolt
  9812 | D:9      | Noticed Erolcha
  9820 | D:9      | Killed Erolcha
  9820 | D:9      | Reached ** piety under Vehumet
  9821 | D:9      | Reached XP level 11. HP: 35/66 MP: 10/18
  9971 | D:9      | Found a sacrificial altar of Ru.
 10085 | D:9      | Identified the ring of Riafonis {EV+4 Int+2 Dex+4 Stlth+}
 10093 | D:9      | Offered knowledge of Magic Dart by Vehumet.
 10152 | D:9      | Learned a level 1 spell: Magic Dart
 10298 | D:9      | Noticed Pikel
 10316 | D:9      | Killed Pikel
 10426 | D:9      | Found a glowing silver altar of Zin.
 10685 | D:9      | Found Mirph's Jewellery Boutique.
 11023 | D:9      | Noticed Maggie
 11029 | D:9      | Killed Maggie
 11098 | D:9      | Found a staircase to the Lair.
 11445 | D:10     | Entered Level 10 of the Dungeon
 11445 | D:10     | Noticed a two-headed ogre
 11453 | D:10     | Killed a two-headed ogre
 11454 | D:10     | Reached skill level 5 in Conjurations
 11508 | D:10     | Found a staircase to the Orcish Mines.
 11652 | D:10     | Noticed a two-headed ogre
 11755 | D:10     | Offered knowledge of Dazzling Flash by Vehumet.
 11770 | D:10     | Noticed a two-headed ogre
 11775 | D:10     | Killed a two-headed ogre
 12060 | D:10     | Reached skill level 5 in Air Magic
 12184 | D:10     | Noticed Harold
 12902 | D:11     | Noticed a two-headed ogre
 12953 | Orc:1    | Entered Level 1 of the Orcish Mines
 13212 | Orc:1    | Found Monutuv's Antique Armour Boutique.
 13323 | Orc:1    | Noticed a cyclops
 13360 | Orc:1    | Found Kuech's Mayhem Merchandise.
 13365 | Orc:1    | Killed a cyclops
 13387 | Orc:1    | Found Radargho's Distillery.
 13527 | Orc:1    | Bought a book of Fire for 572 gold pieces
 13533 | Orc:1    | Learned a level 5 spell: Fireball
 13584 | Orc:1    | Found Taavukor's Antique Weapon Shop.
 13659 | Orc:2    | Entered Level 2 of the Orcish Mines
 13659 | Orc:2    | Noticed an orc knight
 13659 | Orc:2    | Noticed an orc warlord
 13659 | Orc:2    | Noticed an orc sorcerer
 13659 | Orc:2    | Noticed an orc sorcerer
 13659 | Orc:2    | Found Mocremaism's General Store.
 13660 | Orc:2    | Noticed Saint Roka
 13662 | Orc:2    | Noticed an orc high priest
 13764 | Lair:1   | Entered Level 1 of the Lair of Beasts
 13767 | Lair:1   | Reached skill level 1 in Fire Magic
 13914 | Lair:1   | Reached *** piety under Vehumet
 13980 | Lair:1   | Reached XP level 12. HP: 40/71 MP: 19/19
 14166 | Lair:1   | Reached skill level 5 in Fire Magic
 15131 | Lair:2   | Found a staircase to the Snake Pit.
 15492 | Lair:2   | Offered knowledge of Flame Wave by Vehumet.
 17041 | Lair:3   | Reached **** piety under Vehumet
 17249 | Lair:3   | Noticed a seven-headed hydra
 17256 | Lair:3   | Killed a seven-headed hydra
 17565 | Lair:3   | Offered knowledge of Inner Flame by Vehumet.
 17592 | Lair:3   | Reached XP level 13. HP: 76/76 MP: 24/24
 17999 | Lair:3   | Learned a level 5 spell: Borgnjor's Vile Clutch
 18057 | Lair:4   | Reached skill level 1 in Necromancy
 18310 | Lair:4   | Found a staircase to the Shoals.
 18315 | Lair:4   | Noticed Urug
 18323 | Lair:4   | Killed Urug
 18509 | Lair:4   | Identified the +7 war axe of Intimidation {vorpal, Will++}
 18799 | Lair:4   | Reached ***** piety under Vehumet
 18799 | Lair:4   | Offered knowledge of Sticky Flame by Vehumet.
 18802 | Lair:4   | Reached skill level 5 in Necromancy
 18915 | Lair:4   | Identified the +10 battleaxe of Tender Mercy {spect, Will+
                  | Dex+3}
 19125 | Lair:5   | Identified the +10 quarterstaff "Newtbane" {venom, rElec
                  | rN+ MP+9}
 19506 | Lair:5   | Found a viscous altar of Jiyva.
 19507 | Lair:5   | Found a staircase to the Slime Pits.
 19721 | Lair:6   | Entered Level 6 of the Lair of Beasts
 19991 | Lair:6   | Reached skill level 10 in Spellcasting
 20132 | Lair:6   | HP: 2/76 [nine-headed hydra (9)]
 20132 | Lair:6   | Mangled by a nine-headed hydra

Illustrated notes

Levels and vault maps discovered:
D:1:      matt_arrival_refuge, layout_basic,
          shapermc_ecumenical_altar_mp_ritualfount, serial_shops,
          nicolae_shop_bloodbath_and_beyond
D:2:      layout_rooms, uniq_natasha
D:3:      layout_loops_ring, uniq_robin, uniq_sigmund
D:4:      layout_loops_ring, grunt_temple_overflow_open, hex_large,
          chequers_serial_rivers_marsh
D:5:      nicolae_BIG_FREAKIN_CUBE, layout_basic, okawaru_gym_becter,
          dk_noncrumbling_4, item_on_display_a
D:6:      layout_basic, gammafunk_ghost_icy, uniq_eustachio,
          uniq_crazy_yiuf_cottage, uniq_grinder
D:7:      kennysheep_spiral_hall, layout_basic,
          gammafunk_temple_overflow_elements,
          minmay_temple_entry_statues_pillars, enter_ossuary_1, serial_shops,
          shop
D:8:      layout_basic, minmay_diamond_spiral, uniq_psyche
D:9:      layout_layer_cave, nicolae_ru_sacrificial_ziggurat,
          mainiacjoe_overflow_catwalk, david_lair_shrubbed, enter_bailey_7,
          serial_shops, nicolae_shop_trees, uniq_maggie, uniq_pikel,
          uniq_erolcha
D:10:     wad_woods_structure_01, layout_stronghold, solitary_fountain,
          uniq_harold
D:11:     layout_basic, serial_shops, shop, uniq_gastronok
Lair:1:   layout_cave_pods, lemuel_fruit_tree
Lair:2:   layout_gridlike, dummy_snake_entry, nicolae_volcano_entry_batcave,
          cheibrodos_lair_reptile_den
Lair:3:   layout_hall_layers, chequers_serial_rivers_small_a,
          beast_lair_carwin_8
Lair:4:   layout_concentric_octagons, shoals_dummy_entry, ice2_lemuel, uniq_urug
Lair:5:   layout_hall_layers, dpeg_slime_entry_enclosed_altar, st_stairs_7
Lair:6:   grunt_lair_end_beastmaster, layout_regular_city,
          portal_ice_cave_demonic_guard, infiniplex_staircase_pool_2,
          grunt_megastairs_2
Orc:1:    layout_diamond_mine, serial_shops, nicolae_shop_stone,
          nicolae_shop_advertising_works [nicolae_subvault_shop_adworks],
          nicolae_shop_trees, nicolae_shop_temple_entry_statues_fountains,
          minmay_shop_mayhem
Orc:2:    grunt_orc_gardens, layout_caves, grunt_orc_garden, grunt_orc_garden,
          grunt_orc_garden, grunt_orc_garden, serial_shops,
          nicolae_diamond_shop, uniq_rupert, uniq_saint_roka

Skill      XL: |  1  2  3  4  5  6  7  8  9 10 11 12 13 |
---------------+----------------------------------------+-----
Earth Magic    | 4 5 7 8 10 12 | 12.0
Spellcasting   | 3 5 7 10 | 10.2
Fighting       | 2 4 6 |  6.6
Long Blades    | 1 5 |  5.0
Transmutations | 3 4 |  4.0
Armour         | 6 |  6.6
Conjurations   | 2 7 |  7.3
Air Magic      | 2 5 |  5.5
Fire Magic     | 4 9 |  9.1
Necromancy     | 6 |  6.0
Dodging        | |  1.6
Stealth        | |  2.3

Action                   |  1- 3 |  4- 6 |  7- 9 | 10-12 | 13-15 || total
-------------------------+-------+-------+-------+-------+-------++-------
Melee: Unarmed           |     9 |       |       |     4 |       ||    13
       Club              |    76 |   106 |    15 |       |       ||   197
       Punch             |       |     1 |       |     2 |       ||     3
       Falchion          |       |       |   118 |   296 |     2 ||   416
       Battleaxe         |       |       |       |       |    41 ||    41
       War axe           |       |       |       |       |    12 ||    12
 Cast: Sandblast         |    25 |    57 |    81 |   186 |    26 ||   375
       Stone Arrow       |       |       |     2 |    44 |    25 ||    71
       Magic Dart        |       |       |       |    19 |     1 ||    20
       Fireball          |       |       |       |     8 |    18 ||    26
       Lightning Bolt    |       |       |       |     3 |       ||     3
       Borgnjor's Vile C |       |       |       |       |    22 ||    22
Evoke: Wand              |       |       |       |    10 |       ||    10
  Use: Scroll            |       |     3 |     5 |     6 |       ||    14
       Potion            |       |     1 |       |     2 |       ||     3
 Stab: Sleeping          |     3 |     3 |     2 |     4 |     3 ||    15
Armor: Robe              |    72 |    59 |    94 |       |       ||   225
       Acid dragon scale |       |       |       |   245 |    62 ||   307
       Skin              |       |       |       |     2 |       ||     2
Dodge: Dodged            |    94 |    98 |   104 |   335 |    71 ||   702

Table legend: (Time is in decaauts)
 A = Elapsed time spent in this place.
 B = Non-inter-level travel time spent in this place.
 C = Inter-level travel time spent in this place.
 D = Time resting spent in this place.
 E = Time spent auto-exploring this place.
 F = Levels seen in this place.
 G = Mean time per level.
                   A        B        C        D        E       F      G
               +--------+--------+--------+--------+--------+-----+--------+
         Total |  20267 |  19700 |    567 |   4533 |  11814 |  19 | 1066.7 |
       Dungeon |  13220 |  12844 |    376 |   2890 |   7868 |  11 | 1201.8 |
          Lair |   6410 |   6283 |    127 |   1554 |   3567 |   6 | 1068.3 |
  Orcish Mines |    637 |    574 |     63 |     89 |    379 |   2 |  318.5 |
               +--------+--------+--------+--------+--------+-----+--------+

Top non-repeatable levels by time:
  Lair:2: 1691 daAuts
     D:9: 1662 daAuts
    D:10: 1615 daAuts
     D:8: 1610 daAuts
     D:1: 1421 daAuts
  Lair:1: 1368 daAuts
     D:6: 1335 daAuts
  Lair:3: 1283 daAuts
     D:5: 1219 daAuts
     D:4: 1177 daAuts
     D:3: 1159 daAuts
     D:7: 1058 daAuts
     D:2: 904 daAuts
  Lair:4: 880 daAuts
  Lair:5: 761 daAuts
